 Dungeon Crawl Stone Soup version 0.22-a0-799-g88f5e907b7 (webtiles) character file.

30 Htamos the Cudgeler (level 3, 0/24 HPs)
             Began as a Gargoyle Monk on July 21, 2018.
             Slain by a gnoll
             ... wielding a +0 flail
              (7 damage)
             ... on level 3 of the Dungeon.
             The game lasted 00:01:45 (1207 turns).

Htamos the Cudgeler (Gargoyle Monk)                 Turns: 1207, Time: 00:01:45

Health: 0/24       AC:  5    Str: 15    XL:     3   Next: 20%
Magic:  3/3        EV: 12    Int: 10    God:
Gold:   33         SH:  0    Dex: 12    Spells: 2/2 levels left

rFire    . . .     SeeInvis .   a - +0 mace
rCold    . . .     Gourm    .   (no shield)
rNeg     + . .     Faith    .   b - +0 robe
rPois    ∞         Spirit   .   (no helmet)
rElec    +         Reflect  .   (no cloak)
rCorr    .         Harm     .   (no gloves)
MR       .....                  (no boots)
Stlth    ++........             (no amulet)
HPRegen  0.08/turn              (no ring)
MPRegen  0.08/turn              (no ring)

@: no status effects
A: negative energy resistance 1, electricity resistance, unbreathing,
petrification resistance, rot immunity, AC +3
a: no special abilities


You were on level 3 of the Dungeon.
You were not hungry.

You visited 1 branch of the dungeon, and saw 4 of its levels.

You collected 33 gold pieces.

Inventory:

Hand Weapons
 a - a +0 mace (weapon)
Armour
 b - a +0 robe (worn)
Jewellery
 d - an uncursed amulet of the gourmand {unknown}
 h - an uncursed ring of flight {unknown}
Scrolls
 e - 2 scrolls of teleportation {unknown}
 k - a scroll of identify {unknown}
 l - a scroll of enchant armour {unknown}
Potions
 g - 2 potions of curing {unknown}
 i - a potion of mutation {unknown}
 j - a potion of degeneration {unknown}
Comestibles
 c - 3 rations
 f - a chunk of flesh


   Skills:
 + Level 3.7 Fighting
 * Level 3.8 Maces & Flails
 - Level 2.4 Dodging
 - Level 2.2 Stealth


You had 2 spell levels left.
You didn't know any spells.
Your spell library was empty.

Dungeon Overview and Level Annotations

Branches:
Dungeon (4/15)
 Temple: D:4-7

Altars:


Innate Abilities, Weirdness & Mutations

You are resistant to torment.
Your stone body is resilient. (AC +3)
You are immune to poison.
You resist negative energy. (rN+)
You are resistant to electric shocks. (rElec)
You can survive without breathing.
You are immune to petrification.
You are immune to rotting.


Message History

You start resting.
Eating one of 2 chunks of flesh.
You eat one of the 2 chunks of flesh.
This raw flesh tastes terrible.
HP restored.
You climb downwards.
The gnoll hits you with a flail!
Ouch! That really hurt!
* * * LOW HITPOINT WARNING * * *
The gnoll barely misses you.
There is a stone staircase leading up here.
You climb upwards.
There is a stone staircase leading down here.
You hit the gnoll but do no damage. The gnoll hits you with a flail.
* * * LOW HITPOINT WARNING * * *
You hit the gnoll but do no damage. The gnoll barely misses you.
You hit the gnoll.
The gnoll is lightly wounded.
The gnoll closely misses you.
You barely miss the gnoll.
The gnoll is lightly wounded.
The gnoll hits you with a flail!
You die...

#..)....####..#
##.###..# # #<#
#..####..# #.#
#........# #.#
#..#####.# #.#
#..# #.# #..#
#.. #g.#####.#
### #.@......#
##.####### #.#
#.# ..# ###


You could see a gnoll.

Vanquished Creatures
  A leopard gecko (D:1)
  2 orcs
  A giant cockroach (D:1)
  3 goblins (D:1)
  4 hobgoblins (D:1)
  6 bats
  2 frilled lizards (D:1)
  3 kobolds (D:1)
  7 rats (D:1)
29 creatures vanquished.

Notes
Turn   | Place    | Note
-------+----------+-------------------------------------------
     0 | D:1      | Htamos the Gargoyle Monk began the quest for the Orb.
     0 | D:1      | Reached XP level 1. HP: 14/14 MP: 1/1
   157 | D:1      | Reached XP level 2. HP: 18/19 MP: 2/2
   609 | D:1      | Reached XP level 3. HP: 21/24 MP: 3/3
  1207 | D:3      | Slain by a gnoll

Vault maps used:
D:1:      dpeg_arrival_simpleton_c, minmay_unequal
D:2:      nicolae_underground_beach
D:3:      chequers_ecumenical_altar_simple, uniq_terence
D:4:      grunt_temple_overflow_open, yredelemnul_altar_generic,
          kennysheep_mini, first_ration

Action                   || total
-------------------------++-------
Melee: Mace              ||    75
 Stab: Sleeping          ||     2
  Eat: Chunk             ||     1
Armor: Robe              ||    36
Dodge: Dodged            ||    58

Table legend:
 A = Spawn XP
 B = Non-spawn XP
 C = Spawn XP percentage of total XP
 D = Spawn monster count
 E = Non-spawn monster count
 F = Spawn count percentage of total count
 G = Total turns spent on level
                    A         B        C        D         E        F      G
               +---------+---------+-------+---------+---------+-------+---------
         Total |       0 |      44 |   0.0 |       0 |      29 |   0.0 |  1207
               +---------+---------+-------+---------+---------+-------+---------
           D:1 |       0 |      37 |   0.0 |       0 |      26 |   0.0 |  1001
           D:3 |       0 |       4 |   0.0 |       0 |       2 |   0.0 |   183
           D:4 |       0 |       3 |   0.0 |       0 |       1 |   0.0 |    17
               +---------+---------+-------+---------+---------+-------+---------
